AoeStats
← saracast

Arena

508421495Analyzed
1v1 RM · 11d ago on Sep 22, 2026· 41m 24s· 2 players
Game mode
Random Map
Map size
Tiny (2 player)
Population
200
Speed
Normal
Resources
Standard
Victory
Conquest
Starting age
Dark Age
Ending age
Imperial Age
RankedLock teamsTeams togetherTeam positionsShared explorationLock speedFull tech treeHidden civsTurbo modeCheats
Victory
Defeat
🇯🇵 Cumans · Japan
1934
+16
🇳🇴 Poles · Norway
1924
-16
saracast
10:33 Feudal Age
14:55 Castle Age
12:38 Horse Collar
13:03 Double-Bit Axe
17:27 Bow Saw
18:15 Heavy Plow
21:38 Wheelbarrow
21:27 Gold Mining
22:00 Loom
23:31 Hand Cart
27:21 Imperial Age
24:37 Town Watch
24:52 Fletching
25:19 Bloodlines
25:27 Thumb Ring
25:25 Padded Archer Armor
25:56 Bodkin Arrow
26:28 Ballistics
27:07 Leather Archer Armor
26:54 Husbandry
28:04 Bracer
29:16 Chemistry
29:28 Heavy Cavalry Archer
32:27 Siege Engineers
32:47 Conscription
34:30 Szlachta Privileges
34:56 Cavalier
39:13 Light Cavalry
chanchanvn
8:33 Feudal Age
9:10 Double-Bit Axe
9:35 Horse Collar
15:50 Wheelbarrow
19:34 Castle Age
18:08 Stone Mining
18:21 Gold Mining
18:50 Fletching
20:35 Bow Saw
21:10 Bodkin Arrow
26:22 Imperial Age
24:11 Loom
24:13 Town Watch
24:48 Padded Archer Armor
25:13 Pikeman
26:15 Bloodlines
26:43 Gold Shaft Mining
26:57 Scale Mail Armor
27:16 Squires
27:46 Conscription
28:25 Scale Barding Armor
28:39 Hand Cart
28:15 Cavalier
29:39 Chain Barding Armor
30:38 Masonry
31:20 Paladin
33:24 Plate Barding Armor
34:18 Forging
37:15 Ballistics
37:50 Light Cavalry
39:53 Chemistry
40:41 Iron Casting
39:45 Hussar
Connection lost

Rejoining the realm…

Still unreachable

The connection could not be restored.

Session expired

The server has moved on; the page needs a fresh start.